 Dungeon Crawl Stone Soup version 0.29-a0-275-g389c0b56f3 (webtiles) character file.

Game seed: 10863621571021792330

75 Ajdolov the Digger (level 4, 0/42 HPs)
             Began as an Ogre Earth Elementalist on Mar 12, 2022.
             Slain by a sky beast (5 damage)
             ... on level 3 of the Dungeon.
             The game lasted 00:05:19 (2911 turns).

Ajdolov the Digger (Ogre Earth Elementalist)        Turns: 2911, Time: 00:05:20

Health: 0/42       AC:  3    Str: 12    XL:     4   Next: 31%
Magic:  3/8        EV:  9    Int: 18    God:
Gold:   147        SH:  0    Dex:  9    Spells: 5/9 levels left

rFire   . . .      SeeInvis .   b - +0 hunting sling
rCold   . . .      Faith    .   (no shield)
rNeg    . . .      Spirit   .   e - +0 robe
rPois   .          Reflect  .   (helmet restricted)
rElec   .          Harm     .   (no cloak)
rCorr   .          Rampage  .   (gloves unavailable)
Will    .....                   (boots unavailable)
Stlth   +.........              (no amulet)
HPRegen 0.14/turn               (no ring)
MPRegen 0.11/turn               (no ring)

@: no status effects
A: large, unfitting armour, tough skin 1
a: no special abilities


You were on level 3 of the Dungeon.
You visited 1 branch of the dungeon, and saw 3 of its levels.

You collected 147 gold pieces.

Inventory:

Hand Weapons
 a - a +1 vampiric dagger
 b - a +0 hunting sling (weapon)
Missiles
 o - 127 stones
Armour
 e - a +0 robe (worn)
Jewellery
 r - an amulet of guardian spirit
Scrolls
 d - a scroll of fear {unknown}
 f - 2 scrolls of identify {unknown}
 k - 2 scrolls of amnesia {unknown}
 m - a scroll of silence {unknown}
 n - 5 scrolls of noise {unknown}
 p - a scroll of enchant armour {unknown}
 s - 2 scrolls of teleportation {unknown}
Potions
 c - a potion of magic
 g - a potion of lignification {unknown}
 h - a potion of ambrosia {unknown}
 i - a potion of flight {unknown}
 j - 3 potions of degeneration {unknown}
 l - 2 potions of curing {unknown}
 q - a potion of resistance {unknown}
 t - a potion of mutation {unknown}


   Skills:
 + Level 2.2 Fighting
 - Level 1.7 Dodging
 - Level 1.4 Stealth
 + Level 3.1 Spellcasting
 * Level 1.2 Conjurations
 - Level 0.8 Transmutations
 + Level 3.4 Earth Magic


You had 5 spell levels left.
You knew the following spells:

 Your Spells              Type           Power      Damage    Failure   Level
a - Sandblast             Erth           30%        2d9       3%          1
b - Stone Arrow           Conj/Erth      22%        3d8       19%         3

Your spell library contained the following spells:

 Spells                   Type           Power      Damage    Failure   Level
 Passwall                 Tmut/Erth      8%         N/A       10%         2
 Static Discharge         Conj/Air       5%         N/A       19%         2
 Petrify                  Tmut/Erth      10%        N/A       54%         4
 Sticky Flame             Conj/Fire      5%         2d3       77%         4
 Dispel Undead            Necr           2%         3d7       85%         4
 Lightning Bolt           Conj/Air       2%         1d14      98%         5
 Maxwell's Capacitive Co  Air            1%         ∞         100%        8


Dungeon Overview and Level Annotations

Branches:
Dungeon (3/15)

Altars:

Shops:
D:1 [


Innate Abilities, Weirdness & Mutations

You are too large for most types of armour.
You have tough skin. (AC +1)


Message History

The sky beast flickers out of sight!
Deactivating autopickup; reactivate with Ctrl-A.
Something hits you. Something shocks you.
* * * LOW HITPOINT WARNING * * *
Casting: Sandblast (safe; 3% risk of failure)
Confirm with . or Enter, or press ? or * to list all spells.
You can't see any susceptible monsters within range! (Use Z to cast anyway.)
Casting: Sandblast (safe; 3% risk of failure)
Confirm with . or Enter, or press ? or * to list all spells.
Aiming: Sandblast (safe; 3% risk of failure)
Press: ? - help, Shift-Dir - straight line The blast of sand hits something.
o - 129 stones A sky beast appears from thin air!
Reactivating autopickup.
The sky beast hits you.
* * * LOW HITPOINT WARNING * * *
The sky beast shocks you.
* * * LOW HITPOINT WARNING * * *
Casting: Sandblast (safe; 3% risk of failure)
Confirm with . or Enter, or press ? or * to list all spells.
Aiming: Sandblast (safe; 3% risk of failure)
Press: ? - help, Shift-Dir - straight line, f - sky beast
Aim: a sky beast (rain, heavily wounded, 71% to hit)
The blast of sand misses the sky beast.
o - 128 stones The sky beast closely misses you.
Unknown command.
Casting: Sandblast (safe; 3% risk of failure)
Confirm with . or Enter, or press ? or * to list all spells.
Aiming: Sandblast (safe; 3% risk of failure)
Press: ? - help, Shift-Dir - straight line, f/p - sky beast
Aim: a sky beast (heavily wounded, 71% to hit)
The blast of sand hits the sky beast but does no damage.
The sky beast is heavily wounded.
o - 127 stones The sky beast hits you.
* * * LOW HITPOINT WARNING * * *
The sky beast shocks you.
You die...

.............# .............#
#..........#.######
#...................
#...#†####.######### #...#.#
#.# ....#.# #.#
##..#.####.##############.####
.>.............@Y).))........
########.......#########......
#.......## ..... #........#


oY.. #........# o.. #........# .. #........# . #........# #........# You could
see a sky beast.

Vanquished Creatures
  A gnoll (D:1)
  3 worms
  A dart slug (D:1)
  5 orcs (D:3)
  3 ball pythons (D:1)
  3 endoplasms
  A giant cockroach (D:2)
  2 goblins (D:1)
  6 hobgoblins
  4 jackals (D:1)
  5 kobolds (D:1)
  A quokka (D:1)
  2 bats
  9 rats
46 creatures vanquished.

Notes
Turn   | Place    | Note
-------+----------+-------------------------------------------
     0 | D:1      | Ajdolov the Ogre Earth Elementalist began the quest for the
                  | Orb.
     0 | D:1      | Reached XP level 1. HP: 16/16 MP: 3/3
   354 | D:1      | Found Qigour's Armour Emporium.
   368 | D:1      | Reached XP level 2. HP: 26/26 MP: 5/5
   371 | D:1      | Reached skill level 1 in Fighting
   586 | D:1      | Reached XP level 3. HP: 12/33 MP: 0/7
  1043 | D:1      | Learned a level 3 spell: Stone Arrow
  2017 | D:2      | Identified the +8 short sword of Responsibility {venom,
                  | rN+}
  2244 | D:2      | Reached XP level 4. HP: 42/42 MP: 8/8
  2558 | D:2      | Reached skill level 1 in Conjurations
  2886 | D:3      | Noticed a sky beast
  2911 | D:3      | Slain by a sky beast

Illustrated notes

Levels and vault maps discovered:
D:1:      amcnicky_arrival_flooded_fountain, layout_loops_ring, serial_shops,
          nicolae_shop_hallway_plus, kennysheep_minor_cross
D:2:      layout_loops_ring, grunt_decor_resistance, minmay_misc_feat_diagonals,
          nicolae_underground_beach
D:3:      layout_basic, ebering_ecumenical_altar_petrified,
          minmay_misc_feat_encased

Skill      XL: |  1  2  3  4 |
---------------+-------------+-----
Fighting       | 1 2 |  2.2
Earth Magic    | 3 |  3.4
Spellcasting   | 3 |  3.1
Conjurations   | 1 |  1.2
Dodging        | |  1.7
Stealth        | |  1.4
Transmutations | |  0.8

Action                   |  1- 3 |  4- 6 || total
-------------------------+-------+-------++-------
Melee: Unarmed           |    10 |       ||    10
 Fire: Hunting sling     |    73 |    22 ||    95
 Cast: Sandblast         |    40 |    10 ||    50
Armor: Robe              |    24 |     2 ||    26
Dodge: Dodged            |    30 |     8 ||    38

Table legend: (Time is in decaauts)
 A = Elapsed time spent in this place.
 B = Non-inter-level travel time spent in this place.
 C = Inter-level travel time spent in this place.
 D = Time resting spent in this place.
 E = Time spent auto-exploring this place.
 F = Levels seen in this place.
 G = Mean time per level.
                   A        B        C        D        E       F      G
               +--------+--------+--------+--------+--------+-----+--------+
         Total |   2957 |   2880 |     77 |    967 |   1578 |   3 |  985.7 |
       Dungeon |   2957 |   2880 |     77 |    967 |   1578 |   3 |  985.7 |
               +--------+--------+--------+--------+--------+-----+--------+

Top non-repeatable levels by time:
     D:1: 1893 daAuts
     D:2: 918 daAuts
     D:3: 145 daAuts
